PCL
MEXICO CITY CERVECEROS @ LANSING LUGNUTS
09/27/2025
 
TOP OF THE 1ST
Mexico City Cerveceros batting - Pitching for Lansing Lugnuts : RHP Enrique Valdés
Pitching: RHP Enrique Valdés
Batting: RHB Henning Huisman 0-0: Called Strike
0-1: Foul Ball, location: 2F
0-2: Foul Ball, location: 2F
0-2: Ball
1-2: Ground out 5-3 (Groundball, 5)
Batting: RHB Robert Johnson 0-0: Foul Ball, location: 2F
0-1: Ground out 6-3 (Groundball, 6)
Batting: RHB Murai Ishihara 0-0: Ball
1-0: Foul Ball, location: 2F
1-1: Ground out 5-3 (Groundball, 5S)
Top of the 1st over - 0 run(s), 0 hit(s), 0 error(s), 0 left on base; Mexico City 0 - Lansing 0
BOTTOM OF THE 1ST
Lansing Lugnuts batting - Pitching for Mexico City Cerveceros : RHP Honorato Mota
Pitching: RHP Honorato Mota
Batting: LHB Tom Mullins 0-0: Ball
1-0: Foul Ball, location: 2F
1-1: Foul Ball, location: 2F
1-2: Foul Ball, location: 2F
1-2: Ball
2-2: Ball
3-2: Ground out 5-3 (Groundball, 5L)
Batting: RHB David Murray 0-0: Ball
1-0: Foul Ball, location: 2F
1-1: DOUBLE (Groundball, 5L)
Batting: RHB Billy Campbell 0-0: Called Strike
0-1: Called Strike
David Murray steals 3rd base
0-2: Strikes out looking
Batting: LHB Sam Barnes 0-0: Ball
1-0: Called Strike
1-1: Swinging Strike
1-2: Ball
2-2: Strikes out looking
Bottom of the 1st over - 0 run(s), 1 hit(s), 0 error(s), 1 left on base; Mexico City 0 - Lansing 0
TOP OF THE 2ND
Mexico City Cerveceros batting - Pitching for Lansing Lugnuts : RHP Enrique Valdés
Batting: RHB Dave Morgan 0-0: Ball
1-0: Called Strike
1-1: DOUBLE (Line Drive, 8LD)
Batting: LHB Brandon Cummings 0-0: Called Strike
0-1: Ball
1-1: Ball
2-1: DOUBLE (Line Drive, 34D)
Dave Morgan scores
Batting: RHB Jesús Torres 0-0: Ball
1-0: Called Strike
1-1: Called Strike
1-2: Ball
2-2: Strikes out swinging
Batting: LHB Juan García 0-0: Ball
1-0: Foul Ball, location: 2F
1-1: DOUBLE (Line Drive, 9LM)
Brandon Cummings scores
Batting: LHB Don Soper 0-0: Foul Ball, location: 2F
0-1: Ball
1-1: Ball
2-1: Fly out, F7 (Flyball, 78D)
Batting: LHB John Nicholson 0-0: Ball
1-0: Ball
2-0: Ball
3-0: Base on Balls
Batting: RHB Henning Huisman 0-0: Foul Ball, location: 2F
0-1: Ball
1-1: Ball
2-1: Swinging Strike
2-2: Fly out, F9 (Flyball, 9M)
Top of the 2nd over - 2 run(s), 3 hit(s), 0 error(s), 2 left on base; Mexico City 2 - Lansing 0
BOTTOM OF THE 2ND
Lansing Lugnuts batting - Pitching for Mexico City Cerveceros : RHP Honorato Mota
Batting: LHB Don Ramey 0-0: Swinging Strike
0-1: Ball
1-1: Ball
2-1: Ball
3-1: SINGLE (Flyball, 8LS)
Batting: RHB Cris Fuentes 0-0: Called Strike
0-1: Ball
1-1: Ball
Don Ramey steals 2nd base
2-1: Ground out 4-3 (Groundball, 4)
Don Ramey to third
Batting: RHB Lorne Barnes 0-0: Ball
1-0: Ball
2-0: Ground out 5-3 (Groundball, 5S)
Batting: RHB Félix García 0-0: Swinging Strike
0-1: Ball
1-1: Foul Ball, location: 2F
1-2: Strikes out looking
Bottom of the 2nd over - 0 run(s), 1 hit(s), 0 error(s), 1 left on base; Mexico City 2 - Lansing 0
TOP OF THE 3RD
Mexico City Cerveceros batting - Pitching for Lansing Lugnuts : RHP Enrique Valdés
Batting: RHB Robert Johnson 0-0: Fly out, F6 (Popup, 56D)
Batting: RHB Murai Ishihara 0-0: Ball
1-0: Ball
2-0: Foul Ball, location: 2F
2-1: Called Strike
2-2: Strikes out swinging
Batting: RHB Dave Morgan 0-0: Called Strike
0-1: Ball
1-1: Called Strike
1-2: Foul Ball, location: 2F
1-2: SINGLE (Groundball, 5D)
Batting: LHB Brandon Cummings 0-0: Called Strike
0-1: Called Strike
0-2: Ball
1-2: Ball
2-2: Foul Ball, location: 2F
2-2: Ball
3-2: Foul Ball, location: 2F
3-2: Foul Ball, location: 2F
3-2: Base on Balls
Dave Morgan to second
Batting: RHB Jesús Torres 0-0: Ball
1-0: Foul Ball, location: 2F
1-1: Called Strike
1-2: Ball
2-2: Ball
3-2: Base on Balls
Dave Morgan to third
Brandon Cummings to second
Batting: LHB Juan García 0-0: Ball
1-0: Fly out, F7 (Flyball, 78D)
Top of the 3rd over - 0 run(s), 1 hit(s), 0 error(s), 3 left on base; Mexico City 2 - Lansing 0
BOTTOM OF THE 3RD
Lansing Lugnuts batting - Pitching for Mexico City Cerveceros : RHP Honorato Mota
Batting: RHB Ken Fingers 0-0: Ball
1-0: Ball
2-0: Swinging Strike
2-1: Ball
3-1: Base on Balls
Batting: LHB Tom Mullins 0-0: Ball
1-0: Ball
2-0: Swinging Strike
2-1: Foul Ball, location: 2F
2-2: Foul Ball, location: 2F
2-2: Ball
3-2: Strikes out swinging
Batting: RHB David Murray 0-0: Ball
1-0: Called Strike
1-1: Ball
2-1: Foul Ball, location: 2F
2-2: Foul Ball, location: 2F
2-2: Ball
3-2: Foul Ball, location: 2F
3-2: SINGLE (Line Drive, 9S)
Ken Fingers to second
Batting: RHB Billy Campbell 0-0: Called Strike
Ken Fingers steals 3rd base
David Murray to second
0-1: Swinging Strike
0-2: Fly out, F7 (Flyball, 78S)
Runner from 3rd tags up, SCORES, throw made
Batting: LHB Sam Barnes 0-0: Ball
1-0: Foul Ball, location: 2F
1-1: Foul Ball, location: 2F
1-2: Foul Ball, location: 2F
1-2: Ball
2-2: Ground out 4-3 (Groundball, 4)
Bottom of the 3rd over - 1 run(s), 1 hit(s), 0 error(s), 1 left on base; Mexico City 2 - Lansing 1
TOP OF THE 4TH
Mexico City Cerveceros batting - Pitching for Lansing Lugnuts : RHP Enrique Valdés
Batting: LHB Don Soper 0-0: Ball
1-0: Swinging Strike
1-1: Ball
2-1: Ball
3-1: Base on Balls
Batting: LHB John Nicholson 0-0: Called Strike
0-1: Ball
1-1: Foul Ball, location: 2F
1-2: Ball
2-2: Ball
3-2: Fly out, F9 (Line Drive, 9M)
Batting: RHB Henning Huisman 0-0: Called Strike
0-1: Ball
1-1: Swinging Strike
1-2: Ball
2-2: SINGLE (Line Drive, 7LS)
Don Soper to second
Batting: RHB Robert Johnson 0-0: Ball
1-0: Called Strike
1-1: SINGLE (Line Drive, 4MD)
Don Soper to third
Henning Huisman to second
Batting: RHB Murai Ishihara 0-0: Ball
1-0: Grounds into double play, U6-3 (Groundball, 6MD)
Top of the 4th over - 0 run(s), 2 hit(s), 0 error(s), 2 left on base; Mexico City 2 - Lansing 1
BOTTOM OF THE 4TH
Lansing Lugnuts batting - Pitching for Mexico City Cerveceros : RHP Honorato Mota
Batting: LHB Don Ramey 0-0: Ball
1-0: Called Strike
1-1: Ball
2-1: Ball
3-1: Fly out, F3 (Popup, 3)
Batting: RHB Cris Fuentes 0-0: Ground out 4-3 (Groundball, 4)
Batting: RHB Lorne Barnes 0-0: Fly out, F9 (Line Drive, 89S)
Bottom of the 4th over - 0 run(s), 0 hit(s), 0 error(s), 0 left on base; Mexico City 2 - Lansing 1
TOP OF THE 5TH
Mexico City Cerveceros batting - Pitching for Lansing Lugnuts : RHP Enrique Valdés
Batting: RHB Dave Morgan 0-0: Ball
1-0: Ball
2-0: Foul Ball, location: 2F
2-1: Ball
3-1: Foul Ball, location: 2F
3-2: Base on Balls
Pitching: RHP Dae-hee Ch'oe
Batting: LHB Brandon Cummings 0-0: Foul Ball, location: 2F
0-1: Foul Ball, location: 2F
0-2: Foul Ball, location: 2F
0-2: Strikes out swinging
Batting: RHB Jesús Torres 0-0: Ball
1-0: Swinging Strike
1-1: Ball
2-1: Ball
3-1: Base on Balls
Dave Morgan to second
Batting: LHB Juan García 0-0: Ball
1-0: Called Strike
1-1: Foul Ball, location: 2F
1-2: Foul Ball, location: 2F
1-2: Ball
2-2: Foul Ball, location: 2F
2-2: Ball
3-2: Fielders Choice at 2nd, 3-6 (Groundball, 3)
Dave Morgan to third
Batting: LHB Don Soper 0-0: Ball
1-0: Foul Ball, location: 2F
1-1: 3-RUN HOME RUN (Flyball, 89XD), Distance : 419 ft
Batting: LHB John Nicholson 0-0: Foul Ball, location: 2F
0-1: Foul Ball, location: 2F
0-2: Ball
1-2: Ball
2-2: Fly out, F6 (Popup, 6D)
Top of the 5th over - 3 run(s), 1 hit(s), 0 error(s), 0 left on base; Mexico City 5 - Lansing 1
BOTTOM OF THE 5TH
Lansing Lugnuts batting - Pitching for Mexico City Cerveceros : RHP Honorato Mota
Batting: RHB Félix García 0-0: Ball
1-0: Fly out, F3 (Popup, 3)
Batting: RHB Ken Fingers 0-0: Ball
1-0: Called Strike
1-1: Called Strike
1-2: Foul Ball, location: 2F
1-2: Strikes out looking
Batting: LHB Tom Mullins 0-0: Ball
1-0: Ball
2-0: Fly out, F7 (Flyball, 78XD)
Bottom of the 5th over - 0 run(s), 0 hit(s), 0 error(s), 0 left on base; Mexico City 5 - Lansing 1
TOP OF THE 6TH
Mexico City Cerveceros batting - Pitching for Lansing Lugnuts : RHP Dae-hee Ch'oe
Pitching: LHP Craig Bowling
Batting: RHB Henning Huisman 0-0: Ball
1-0: Foul Ball, location: 2F
1-1: Ball
2-1: Foul Ball, location: 2F
2-2: Strikes out swinging
Batting: RHB Robert Johnson 0-0: Ball
1-0: Ball
2-0: Foul Ball, location: 2F
2-1: Called Strike
2-2: Strikes out swinging
Batting: RHB Murai Ishihara 0-0: Ball
1-0: Foul Ball, location: 2F
1-1: Ball
2-1: Ball
3-1: Foul Ball, location: 2F
3-2: Ground out 2-3 (Groundball, 2L)
Top of the 6th over - 0 run(s), 0 hit(s), 0 error(s), 0 left on base; Mexico City 5 - Lansing 1
BOTTOM OF THE 6TH
Lansing Lugnuts batting - Pitching for Mexico City Cerveceros : RHP Honorato Mota
Batting: RHB David Murray 0-0: Swinging Strike
0-1: Ball
1-1: Ball
2-1: Ball
3-1: Fly out, F8 (Flyball, 8RM)
Batting: RHB Billy Campbell 0-0: Fly out, F7 (Flyball, 78D)
Batting: LHB Sam Barnes 0-0: Called Strike
0-1: Ball
1-1: Foul Ball, location: 2F
1-2: DOUBLE (Line Drive, 89S)
Batting: LHB Don Ramey 0-0: Ground out 6-3 (Groundball, 6M)
Bottom of the 6th over - 0 run(s), 1 hit(s), 0 error(s), 1 left on base; Mexico City 5 - Lansing 1
TOP OF THE 7TH
Mexico City Cerveceros batting - Pitching for Lansing Lugnuts : LHP Craig Bowling
Batting: RHB Dave Morgan 0-0: Called Strike
0-1: Ball
1-1: Swinging Strike
1-2: Foul Ball, location: 2F
1-2: Strikes out swinging
Pitching: RHP Kosami Tagawa
Batting: LHB Brandon Cummings 0-0: Called Strike
0-1: Ball
1-1: Foul Ball, location: 2F
1-2: Ball
2-2: Ball
3-2: Strikes out looking
Batting: RHB Jesús Torres 0-0: Swinging Strike
0-1: Ball
1-1: Ball
2-1: Ball
3-1: Ground out 4-3 (Groundball, 4)
Top of the 7th over - 0 run(s), 0 hit(s), 0 error(s), 0 left on base; Mexico City 5 - Lansing 1
BOTTOM OF THE 7TH
Lansing Lugnuts batting - Pitching for Mexico City Cerveceros : RHP Honorato Mota
Batting: RHB Cris Fuentes 0-0: Ball
1-0: Foul Ball, location: 2F
1-1: SINGLE (Groundball, 34D)
Pitching: LHP Daniel Draper
Batting: RHB Lorne Barnes 0-0: Foul Ball, location: 2F
0-1: Foul Ball, location: 2F
0-2: Ball
1-2: Ball
2-2: Fly out, F7 (Flyball, 7LM)
Batting: RHB Félix García 0-0: Ball
1-0: Called Strike
1-1: Ball
2-1: Foul Ball, location: 2F
2-2: Strikes out swinging
Batting: RHB Ken Fingers 0-0: Foul Ball, location: 2F
0-1: Called Strike
0-2: Ground out 5-3 (Groundball, 5S)
Bottom of the 7th over - 0 run(s), 1 hit(s), 0 error(s), 1 left on base; Mexico City 5 - Lansing 1
TOP OF THE 8TH
Mexico City Cerveceros batting - Pitching for Lansing Lugnuts : RHP Kosami Tagawa
Batting: LHB Juan García 0-0: Ball
1-0: Ball
2-0: Ball
3-0: Foul Ball, location: 2F
3-1: Fly out, F8 (Flyball, 8LS)
Batting: LHB Don Soper 0-0: Called Strike
0-1: Called Strike
0-2: Foul Ball, location: 2F
0-2: Foul Ball, location: 2F
0-2: Ball
1-2: Ball
2-2: SINGLE (Flyball, 89S)
Pitching: RHP Nicoláo Gericota
Batting: LHB John Nicholson 0-0: Called Strike
0-1: Foul Ball, location: 2F
0-2: Ball
1-2: Strikes out swinging
Batting: RHB Henning Huisman 0-0: Called Strike
Pickoff Throw to First - Error! E1
Don Soper to second
0-1: Called Strike
0-2: Strikes out swinging
Top of the 8th over - 0 run(s), 1 hit(s), 1 error(s), 1 left on base; Mexico City 5 - Lansing 1
BOTTOM OF THE 8TH
Lansing Lugnuts batting - Pitching for Mexico City Cerveceros : LHP Daniel Draper
Batting: LHB Tom Mullins 0-0: Ball
1-0: Called Strike
1-1: Called Strike
1-2: Foul Ball, location: 2F
1-2: Ball
2-2: Ball
3-2: Strikes out swinging
Batting: RHB David Murray 0-0: Ball
1-0: Ground out 6-3 (Groundball, 6)
Batting: RHB Billy Campbell 0-0: Called Strike
0-1: Ball
1-1: SINGLE (Groundball, 4MD)
Batting: LHB Sam Barnes 0-0: Foul Ball, location: 2F
0-1: Swinging Strike
0-2: Fly out, F8 (Flyball, 8LS)
Bottom of the 8th over - 0 run(s), 1 hit(s), 0 error(s), 1 left on base; Mexico City 5 - Lansing 1
TOP OF THE 9TH
Mexico City Cerveceros batting - Pitching for Lansing Lugnuts : RHP Nicoláo Gericota
Batting: RHB Robert Johnson 0-0: Ball
1-0: Ball
2-0: Ball
3-0: Base on Balls
Batting: RHB Murai Ishihara 0-0: Foul Ball, location: 2F
0-1: Ball
1-1: Grounds into double play, 6-4-3 (Groundball, 6)
Batting: RHB Dave Morgan 0-0: Called Strike
0-1: Ball
1-1: Called Strike
1-2: Foul Ball, location: 2F
1-2: Foul Ball, location: 2F
1-2: SINGLE (Line Drive, 6M)
Pitching: RHP Asher Zasko
Batting: LHB Brandon Cummings 0-0: Called Strike
0-1: Called Strike
0-2: Ball
1-2: Ball
2-2: Ball
3-2: SINGLE (Groundball, 4MD)
Dave Morgan to second
Dave Morgan to third
Batting: RHB Jesús Torres 0-0: Called Strike
0-1: Foul Ball, location: 2F
0-2: Ball
1-2: Ball
2-2: Fielders Choice at 2nd, 5-4 (Groundball, 5)
Top of the 9th over - 0 run(s), 2 hit(s), 0 error(s), 1 left on base; Mexico City 5 - Lansing 1
BOTTOM OF THE 9TH
Lansing Lugnuts batting - Pitching for Mexico City Cerveceros : LHP Daniel Draper
Batting: LHB Don Ramey 0-0: Ball
1-0: Called Strike
1-1: SINGLE (Groundball, 56D) (infield hit)
Batting: RHB Cris Fuentes 0-0: Ball
1-0: Foul Ball, location: 2F
1-1: Fly out, F4 (Line Drive, 4)
Batting: RHB Lorne Barnes 0-0: Ball
1-0: Foul Ball, location: 2F
1-1: Ball
2-1: Ball
3-1: Base on Balls
Don Ramey to second
Pitching: RHP Jesús Mendoza
Batting: RHB Félix García 0-0: Ball
1-0: Foul Ball, location: 2F
1-1: Swinging Strike
1-2: Ball
2-2: Fielders Choice at 2nd, U4 (Groundball, 4M)
Don Ramey to third
Batting: RHB Ken Fingers 0-0: Called Strike
0-1: Swinging Strike
0-2: Ball
1-2: Strikes out swinging
Bottom of the 9th over - 0 run(s), 1 hit(s), 0 error(s), 2 left on base; Mexico City 5 - Lansing 1
This league is powered by Out of the Park Baseball, the baseball management simulation game for PC, Mac and Linux
Tuesday, August 2nd, 2016 - OOTP Baseball 16.8 Build 38